 Dungeon Crawl Stone Soup version 0.30-a0-377-g5cb311bc9f (webtiles) character file.

Game seed: 16164805013319588957

6215 Depression the Magus (level 10, -2/83 HPs)
             Began as a Demonspawn Monk on Nov 29, 2022.
             Was an Elder of Nemelex Xobeh.
             Slain by a black mamba (8 damage)
             ... on level 1 of the Lair of Beasts.
             The game lasted 00:52:44 (10318 turns).

Depression the Magus (Demonspawn Monk)             Turns: 10318, Time: 00:52:44

Health: -2/83      AC: 18    Str: 11    XL:     10   Next: 61%
Magic:  18/18      EV:  3    Int: 12    God:    Nemelex Xobeh [****..]
Gold:   513        SH:  5    Dex: 20    Spells: 9/9 levels left

rFire   . . .      SeeInvis .    W - +1 scimitar (elec)
rCold   . . .      Faith    .    (no shield)
rNeg    . . .      Spirit   .    P - +0 plate armour
rPois   .          Reflect  +    b - +0 helmet
rElec   .          Harm     .    q - +0 cloak
rCorr   .          Rampage  .    K - +0 pair of gloves
Will    .....                    M - +0 pair of boots
Stlth   ..........               C - amulet of reflection
HPRegen 0.33/turn                (no ring)
MPRegen 0.16/turn                (no ring)

@: about to teleport, attractive
A: slimy green scales 2, ignite blood 1, weakness stinger 2
a: Renounce Religion, Draw Escape, Draw Destruction, Draw Summoning, Triple
Draw, Deal Four


You were on level 1 of the Lair of Beasts.
You worshipped Nemelex Xobeh.
Nemelex Xobeh was greatly pleased with you.
You visited 3 branches of the dungeon, and saw 11 of its levels.
You also visited: Sewer.

You collected 646 gold pieces.
You spent 133 gold pieces at shops.

Inventory:

Hand Weapons
 O - a +1 shortbow of draining
 R - a +0 quarterstaff
 W - a +1 scimitar of electrocution (weapon)
Missiles
 v - 21 poisoned darts (quivered)
 V - 3 boomerangs
Armour
 b - a +0 helmet (worn)
 q - a +0 cloak (worn)
 G - a +2 robe of fire resistance
 K - a +0 pair of gloves (worn)
 M - a +0 pair of boots (worn)
 P - a +0 plate armour (worn)
Jewellery
 x - an amulet of the acrobat
 z - a ring of wizardry {wiz+}
 C - an amulet of reflection (around neck)
 E - a ring of magical power {MP+9}
 H - a ring of wizardry {wiz+}
 I - a ring of resist corrosion
Wands
 B - a wand of acid (7)
 D - a wand of digging (11)
 J - a wand of paralysis (11)
 Q - a wand of mindburst (4)
Scrolls
 d - a scroll of summoning {unknown}
 f - 3 scrolls of teleportation
 g - 5 scrolls of identify
 h - a scroll of enchant armour {unknown}
 j - 3 scrolls of poison {unknown}
 m - 4 scrolls of amnesia {unknown}
 r - 2 scrolls of vulnerability {unknown}
 t - a scroll of acquirement {unknown}
 u - 2 scrolls of torment {unknown}
 y - 3 scrolls of noise {unknown}
 A - a scroll of enchant weapon
 F - a scroll of blinking
 T - a scroll of fear {unknown}
 U - a scroll of immolation {unknown}
Potions
 a - 2 potions of lignification {unknown}
 c - 2 potions of ambrosia
 i - a potion of mutation {unknown}
 k - a potion of curing
 l - 2 potions of magic
 n - a potion of degeneration {unknown}
 o - 3 potions of haste
 p - 2 potions of attraction
 s - a potion of heal wounds
 w - 2 potions of invisibility {unknown}


   Skills:
 + Level 9.5 Fighting
 + Level 9.0 Long Blades
 + Level 3.0 Armour
 - Level 3.0 Dodging
 - Level 2.0 Stealth
 + Level 11.5 Invocations


You had 9 spell levels left.
You didn't know any spells.
Your spell library contained the following spells:

 Spells                   Type           Power      Damage    Failure   Level
 Apportation              Tloc           0%         N/A       100%        1
 Slow                     Hex            0%         N/A       100%        1
 Ensorcelled Hibernation  Hex/Ice        0%         N/A       100%        2
 Call Canine Familiar     Summ           0%         N/A       100%        3
 Confusing Touch          Hex            0%         N/A       100%        3
 Portal Projectile        Hex/Tloc       0%         N/A       100%        3
 Spider Form              Tmut/Pois      0%         N/A       100%        3
 Vampiric Draining        Necr           0%         2d6       100%        3
 Anguish                  Hex/Necr       0%         N/A       100%        4
 Leda's Liquefaction      Hex/Erth       0%         N/A       100%        4
 Alistair's Intoxication  Tmut/Pois      0%         N/A       100%        5


Dungeon Overview and Level Annotations

Branches:
Dungeon (9/15) Zot: 25708  Temple (1/1) D:4 Zot: 5966    Lair (1/5) D:9 Zot: 5977
  Sewer (visited)
    Orc: D:9-12

Altars:
Ashenzari
Cheibriados
Dithmenos
Fedhas
Hepliaklqana
Kikubaaqudgha
Nemelex Xobeh
Okawaru
Qazlal
Ru
Sif Muna
Trog
Uskayaw
Wu Jian
Xom
Yredelemnul

Shops:
D:2 :   D:5 *

Annotations:
D:9 Ogre + Ghost treasure area, nujazz's ghost, journeyman HOFi
Temple 2 transporters


Innate Abilities, Weirdness & Mutations

You are mostly covered in slimy green scales. (AC +3)
Your demonic aura sometimes causes spilled blood to erupt in flames.
You have a tail ending in a sharp stinger.


Message History

The black mamba bites you but does no damage.
The elephant tramples Depression's illusion!!
Depression's illusion holds its ground!
The elephant trunk-slaps Depression's illusion but does no damage.
The elephant is attracted toward you.
Unknown command.
It was a potion of curing.
You feel better. The black mamba bites you.
* * * LOW HITPOINT WARNING * * *
You are poisoned.
The black mamba poisons you!
Depression's illusion hits the elephant!
Something tramples Depression's illusion.
Depression's illusion holds its ground!
Something trunk-slaps Depression's illusion but does no damage.
Something completely misses Depression's illusion.
Something barely misses Depression's illusion.
As you read the scroll of teleportation, it crumbles to dust.
You feel strangely unstable.
* * * LOW HITPOINT WARNING * * *
You feel very sick.
The black mamba bites you but does no damage.
The elephant is engulfed in blazing flames.
The black mamba bites you.
* * * LOW HITPOINT WARNING * * *
Depression's illusion hits the elephant but does no damage.
Something tramples Depression's illusion!
Depression's illusion is shoved backwards!
You feel better. The black mamba bites you!
* * * LOW HITPOINT WARNING * * *
The black mamba bites you.
* * * LOW HITPOINT WARNING * * *
Something tramples Depression's illusion!
Depression's illusion holds its ground!
Depression's illusion dies!
Depression's illusion shimmers and vanishes!
You miss the black mamba. The black mamba bites you!
* * * LOW HITPOINT WARNING * * *
The black mamba bites you!
You die...
Your body glows with a rainbow of weird colours and disappears.

. . .... ## .##
...##.# # ..
..##....#.#.##
#.#.##..##.........#
#.......+...#.#.#..##
+...♣)####..........#
#.....#@#Y...~.~~...#
#.##.###SYYFY.~≈≈~..#
#..^..####..~~≈≈≈≈..
##.#.# #!..~~≈≈≈~~.
## #..$Y~≈≈≈≈≈.
#...Y~≈≈≈≈~.
#..Y.~≈≈≈≈~.
#...~Y≈≈≈~~.
#.#...~~~~..


You could see 3 elephants, a black mamba and a cane toad.

Vanquished Creatures
  A two-headed ogre (D:7)
  3 slime creatures (D:9)
  3 wyverns
  A basilisk (D:9)
  An acid dragon (D:9)
  An ice beast (D:5)
  4 orc warriors
  2 sky beasts (D:7)
  4 black bears
  An ogre (D:6)
  4 centaurs
  A lemure (D:6)
  2 kobold brigands (D:8)
  3 bullfrogs
  A necrophage (D:7)
  A scorpion (D:5)
  7 wights
  A howler monkey (D:5)
  2 gnoll boudas
  2 hounds
  8 orc priests
  A jelly (D:6)
  4 iguanas
  5 orc wizards
  14 gnolls
  10 adders
  3 shadow imps
  3 ufetubi (D:6)
  2 adder zombies (D:3)
  An adder skeleton (D:3)
  A worm (D:3)
  3 dart slugs
  30 orcs
  4 bats
  8 endoplasms
  5 giant cockroaches
  8 goblins
  6 hobgoblins
  4 jackals (D:4)
  13 kobolds
  5 quokkas
  10 ball pythons
  A ball python skeleton (D:3)
  A ball python zombie (D:3)
  14 frilled lizards
  A quokka zombie (D:3)
  2 rats
212 creatures vanquished.

Vanquished Creatures (collateral kills)
  Pikel (D:6)
  Sigmund (D:5)
  A basilisk (D:9)
  An acid dragon (D:9)
  A sky beast (D:8)
  A gnoll sergeant (D:8)
  A scorpion (D:5)
  An electric eel (Lair:1)
  An orc priest (D:5)
  2 gnolls (D:8)
  4 orcs (D:5)
  A quokka (D:5)
16 creatures vanquished.

Grand Total: 228 creatures vanquished

Notes
Turn   | Place    | Note
-------+----------+-------------------------------------------
     0 | D:1      | Depression the Demonspawn Monk began the quest for the Orb.
     0 | D:1      | Reached XP level 1. HP: 18/18 MP: 1/1
   264 | D:1      | Reached skill level 2 in Stealth
   296 | D:1      | Gained mutation: You have a small tail. [demonic ancestry]
   296 | D:1      | Reached XP level 2. HP: 17/24 MP: 2/2
   488 | D:1      | Reached skill level 3 in Long Blades
   488 | D:1      | Reached skill level 3 in Dodging
   753 | D:2      | Found Pautil's Book Shop.
   777 | D:2      | Reached XP level 3. HP: 29/29 MP: 3/3
  1770 | D:3      | Reached XP level 4. HP: 36/37 MP: 4/4
  2104 | D:4      | Reached skill level 4 in Fighting
  2280 | D:4      | Found a staircase to the Ecumenical Temple.
  2291 | Temple   | Entered the Ecumenical Temple
  2291 | Temple   | Found a transporter.
  2291 | Temple   | Found a transporter.
  2298 | Temple   | Found a transporter.
  2298 | Temple   | Found a transporter.
  2312 | Temple   | Became a worshipper of Nemelex Xobeh the Trickster
  2312 | Temple   | Reached * piety under Nemelex Xobeh
  2312 | Temple   | Received a gift from Nemelex Xobeh
  2312 | Temple   | Reached ** piety under Nemelex Xobeh
  2352 | D:4      | Found an ornate altar of the Wu Jian Council.
  2358 | D:4      | Noticed a spectral centipede
  2358 | D:4      | Noticed a spectral black mamba
  2358 | D:4      | Noticed a spectral cane toad
  2420 | D:4      | Noticed a black bear
  2427 | D:4      | Killed a black bear
  2428 | D:4      | Reached skill level 4 in Long Blades
  2428 | D:4      | Reached skill level 1 in Invocations
  2428 | D:4      | Gained mutation: You have a tail ending in a sharp stinger.
                  | [demonic ancestry]
  2428 | D:4      | Reached XP level 5. HP: 43/43 MP: 4/6
  2583 | D:4      | Reached skill level 2 in Invocations
  2850 | D:5      | Entered Level 5 of the Dungeon
  2888 | D:5      | Noticed Sigmund
  2892 | D:5      | Killed Sigmund
  2893 | D:5      | Reached skill level 5 in Fighting
  2893 | D:5      | Reached skill level 4 in Invocations
  2893 | D:5      | Gained mutation: You are partially covered in slimy green
                  | scales. (AC +2) [demonic ancestry]
  2893 | D:5      | Reached XP level 6. HP: 51/51 MP: 6/9
  2945 | D:5      | Reached XP level 7. HP: 56/56 MP: 10/10
  3054 | D:5      | Reached skill level 5 in Long Blades
  3054 | D:5      | Reached skill level 5 in Invocations
  3137 | D:5      | Found Numoy's General Store.
  3142 | D:5      | Bought a scroll of enchant weapon for 105 gold pieces
  3142 | D:5      | Bought a scroll of identify for 28 gold pieces
  3182 | D:5      | HP: 14/56 [poisoned by a scorpion]
  3964 | D:5      | Reached skill level 6 in Invocations
  4351 | D:6      | Reached *** piety under Nemelex Xobeh
  4355 | D:6      | Reached XP level 8. HP: 51/64 MP: 12/12
  4366 | D:6      | Reached skill level 6 in Fighting
  4498 | D:6      | Received a gift from Nemelex Xobeh
  4510 | D:6      | Found a glowing drain.
  4530 | D:6      | Reached skill level 6 in Long Blades
  4627 | Sewer    | Entered a sewer
  4724 | Sewer    | Reached skill level 7 in Invocations
  4963 | D:6      | Found an iron altar of Okawaru.
  5084 | D:6      | Found a shadowy altar of Dithmenos.
  5865 | D:6      | Found a hide-covered altar of Uskayaw.
  5865 | D:6      | Noticed Pikel
  5901 | D:6      | Killed Pikel
  5902 | D:6      | Reached skill level 7 in Fighting
  5902 | D:6      | Reached skill level 7 in Long Blades
  5902 | D:6      | Reached skill level 8 in Invocations
  5902 | D:6      | Gained mutation: Your demonic aura sometimes causes spilled
                  | blood to erupt in flames. [demonic ancestry]
  5902 | D:6      | Reached XP level 9. HP: 50/72 MP: 13/15
  6104 | D:7      | Received a gift from Nemelex Xobeh
  6397 | D:7      | Reached skill level 9 in Invocations
  6512 | D:7      | Noticed a two-headed ogre
  6520 | D:7      | Killed a two-headed ogre
  6521 | D:7      | Reached skill level 8 in Fighting
  6600 | D:7      | HP: 17/69 [wight/+4 spear (3)]
  6862 | D:7      | Reached skill level 10 in Invocations
  7028 | D:7      | Reached skill level 8 in Long Blades
  7042 | D:7      | Reached **** piety under Nemelex Xobeh
  8089 | D:8      | Gained mutation: You are mostly covered in slimy green
                  | scales. (AC +3) [demonic ancestry]
  8089 | D:8      | Reached XP level 10. HP: 22/82 MP: 17/17
  8572 | D:8      | HP: 12/82 [wyvern (11)]
  8575 | D:8      | HP: 3/82 [wyvern (4)]
  8940 | D:8      | Received a gift from Nemelex Xobeh
  9025 | D:9      | Reached skill level 1 in Armour
  9102 | D:9      | Found a transporter.
  9247 | D:9      | Reached skill level 9 in Fighting
  9653 | D:9      | Noticed nujazz's ghost (journeyman HOFi)
  9653 | D:9      | Noticed a two-headed ogre
  9654 | D:9      | Found a transporter.
  9654 | D:9      | Identified the +1 giant club "Vaahel" {antimagic, rC+ Will+
                  | Int-4}
  9654 | D:9      | Noticed a two-headed ogre
  9654 | D:9      | Noticed a two-headed ogre
  9655 | D:9      | Noticed a two-headed ogre
  9656 | D:9      | Noticed a two-headed ogre
  9745 | D:9      | Reached skill level 2 in Armour
  9745 | D:9      | Reached skill level 11 in Invocations
  9753 | D:9      | HP: 20/83 [wyvern (2)]
  9754 | D:9      | HP: 9/83 [wyvern (12)]
  9755 | D:9      | HP: 3/83 [wyvern (5)]
 10198 | D:9      | Reached skill level 9 in Long Blades
 10198 | D:9      | Reached skill level 3 in Armour
 10220 | D:9      | Found a staircase to the Lair.
 10296 | Lair:1   | Entered Level 1 of the Lair of Beasts
 10296 | Lair:1   | Noticed a black mamba
 10296 | Lair:1   | Noticed an elephant
 10296 | Lair:1   | Noticed an elephant
 10296 | Lair:1   | Noticed an elephant
 10296 | Lair:1   | Noticed an elephant
 10296 | Lair:1   | Noticed an elephant
 10296 | Lair:1   | Noticed a cane toad
 10312 | Lair:1   | Noticed an elephant
 10314 | Lair:1   | HP: 16/83 [poisoned by a black mamba]
 10318 | Lair:1   | HP: 6/83 [black mamba (7)]
 10318 | Lair:1   | Slain by a black mamba

Illustrated notes

Levels and vault maps discovered:
D:1:      minmay_arrival_four_loops, layout_rooms
D:2:      layout_basic, serial_shops, shop
D:3:      layout_basic, serial_undead, serial_undead_d, serial_undead_f,
          serial_undead_b, serial_undead_a
D:4:      layout_basic, pdpol_wu_jian_five_deadly_venoms,
          minmay_temple_entry_arrows, hangedman_abyss_or_decor_lesser_grid,
          kennysheep_generic_room_4
D:5:      layout_basic, serial_shops, nicolae_shop_trees, uniq_sigmund
D:6:      nicolae_BIG_FREAKIN_CUBE, layout_basic, amcnicky_altar_gilded,
          mainiacjoe_overflow_cross_hatched, nicolae_overflow_crystal_walls,
          cheibrodos_sewer_entry_drain, uniq_pikel
D:7:      layout_gridville
D:8:      layout_basic
D:9:      layout_loops_cross, erik_lair_dragon, gammafunk_ghost_smash
Temple:   hellmonk_temple_divided_pantheon
Lair:1:   dreamdust_cave_troll, layout_loops_ring, wad_woods_river_03,
          st_stairs_9, infiniplex_staircase_pool, serial_bayou_shore_a,
          grunt_megastairs_1, uniq_amaemon, uniq_fannar

Skill      XL: |  1  2  3  4  5  6  7  8  9 10 |
---------------+-------------------------------+-----
Stealth        | 2 |  2.0
Long Blades    | 3 4 5 7 8 9 |  9.0
Dodging        | 3 |  3.0
Fighting       | 4 5 7 8 9 |  9.5
Invocations    | 1 4 6 8 10 11 | 11.5
Armour         | 3 |  3.0

Action                   |  1- 3 |  4- 6 |  7- 9 | 10-12 || total
-------------------------+-------+-------+-------+-------++-------
Melee: Falchion          |    96 |    74 |   297 |       ||   467
       Tailslap          |    13 |    16 |    64 |    21 ||   114
       Punch             |     1 |     1 |     9 |     2 ||    13
       Long sword        |       |       |   127 |    74 ||   201
       Scimitar          |       |       |       |    48 ||    48
Throw: Dart              |       |       |       |     3 ||     3
Invok: Draw Destruction  |       |     3 |    10 |     7 ||    20
       Draw Summoning    |       |     1 |     2 |     2 ||     5
       Draw Escape       |       |       |     1 |     5 ||     6
Evoke: Wand              |       |       |       |     3 ||     3
  Use: Scroll            |       |     1 |       |     2 ||     3
       Potion            |       |       |     2 |     3 ||     5
 Stab: Paralysed         |       |       |       |     3 ||     3
Armor: Chain mail        |    55 |    44 |   259 |     6 ||   364
       Plate armour      |       |       |       |    74 ||    74
Dodge: Dodged            |    17 |    29 |    95 |     9 ||   150
Block: Other             |       |       |    78 |    20 ||    98
       Reflection        |       |       |     3 |     3 ||     6

Table legend: (Time is in decaauts)
 A = Elapsed time spent in this place.
 B = Non-inter-level travel time spent in this place.
 C = Inter-level travel time spent in this place.
 D = Time resting spent in this place.
 E = Time spent auto-exploring this place.
 F = Levels seen in this place.
 G = Mean time per level.
                   A        B        C        D        E       F      G
               +--------+--------+--------+--------+--------+-----+--------+
         Total |  10386 |  10120 |    266 |   1521 |   4032 |  12 |  865.5 |
       Dungeon |   9986 |   9720 |    266 |   1489 |   4013 |   9 | 1109.6 |
        Temple |     33 |     33 |      0 |      0 |      0 |   1 |   33.0 |
          Lair |     21 |     21 |      0 |      0 |      0 |   1 |   21.0 |
         Sewer |    345 |    345 |      0 |     32 |     19 |   1 |  345.0 |
               +--------+--------+--------+--------+--------+-----+--------+

Top non-repeatable levels by time:
     D:5: 1477 daAuts
     D:6: 1475 daAuts
     D:8: 1458 daAuts
     D:7: 1442 daAuts
     D:9: 1291 daAuts
     D:3: 763 daAuts
     D:4: 746 daAuts
     D:2: 716 daAuts
     D:1: 615 daAuts
   Sewer: 345 daAuts
  Temple: 33 daAuts
  Lair:1: 21 daAuts
